 Dungeon Crawl Stone Soup version 0.28-a0-1518-gbe868bca14 (webtiles) character file.

Game seed: 1844253354945559278

37 hashsling the Magician (level 3, 0/19 HPs)
             Began as a Deep Elf Hedge Wizard on Jan 16, 2022.
             Slain by a goblin (6 damage)
             ... led by Robin
             ... on level 2 of the Dungeon.
             The game lasted 00:03:04 (1609 turns).

hashsling the Magician (Deep Elf Hedge Wizard)      Turns: 1609, Time: 00:03:04

Health: 0/19       AC:  2    Str:  7    XL:     3   Next: 23%
Magic:  3/11       EV: 12    Int: 20    God:
Gold:   45         SH:  0    Dex: 14    Spells: 6/12 levels left

rFire   . . .      SeeInvis .   a - +0 dagger
rCold   . . .      Faith    .   (no shield)
rNeg    . . .      Spirit   .   b - +0 robe
rPois   .          Reflect  .   c - +0 hat
rElec   .          Harm     .   (no cloak)
rCorr   .          Rampage  .   (no gloves)
Will    .....                   (no boots)
Stlth   ++........              (no amulet)
HPRegen 0.06/turn               (no ring)
MPRegen 0.12/turn               (no ring)

@: no status effects
A: no striking features
a: no special abilities


You were on level 2 of the Dungeon.
You visited 1 branch of the dungeon, and saw 2 of its levels.

You collected 45 gold pieces.

Inventory:

Hand Weapons
 a - a +0 dagger (weapon)
Armour
 b - a +0 robe (worn)
 c - a +0 hat (worn)
Scrolls
 e - a scroll of blinking {unknown}
 f - a scroll of identify {unknown}
 h - 3 scrolls of enchant armour {unknown}
 j - a scroll of enchant weapon {unknown}
Potions
 d - a potion of lignification {unknown}
 g - a potion of degeneration {unknown}
 i - a potion of mutation {unknown}


   Skills:
 - Level 2.4 Dodging
 - Level 2.4 Stealth
 * Level 5.3 Spellcasting
 + Level 1.9 Conjurations
 + Level 1.9 Summonings
 - Level 1.1 Translocations


You had 6 spell levels left.
You knew the following spells:

 Your Spells              Type           Power      Damage    Failure   Level
a - Magic Dart            Conj           52%        1d5       4%          1
b - Blink                 Tloc           18%        N/A       11%         2
c - Call Imp              Summ           13%        N/A       8%          2
d - Slow                  Hex            20%        N/A       11%         1

Your spell library contained the following spells:

 Spells                   Type           Power      Damage    Failure   Level
 Conjure Flame            Conj/Fire      9%         6-21      22%         3
 Mephitic Cloud           Conj/Pois/Air  7%         N/A       26%         3
 Fireball                 Conj/Fire      4%         3d4       91%         5
 Starburst                Conj/Fire      4%         6d4       100%        6
 Ignition                 Fire           2%         3d3       100%        8


Dungeon Overview and Level Annotations

Branches:
Dungeon (2/15)

Altars:

Annotations:
D:2 Robin


Message History

The magic dart hits the goblin.
The goblin is almost dead.
The goblin hits you with a +0 club.
A goblin comes into view. It is wielding a +0 club.
You miscast Magic Dart.
You are very lightly contaminated with residual magic.
Nothing appears to happen.
The goblin closely misses you.
Robin roars a battlecry!
The goblin goes into a battle-frenzy!
You swap places.
The goblin misses your crimson imp. Robin throws the goblin at you!
Your crimson imp misses the goblin.
The goblin closely misses you.
The magic dart hits the goblin.
The goblin is severely wounded.
A goblin comes into view. It is wielding a +0 dagger.
Robin roars a battlecry!
The goblin completely misses your crimson imp.
Your crimson imp hits the goblin.
The goblin dies!
The goblin hits you but does no damage.
The magic dart hits the goblin.
You kill the goblin!
A hobgoblin comes into view.
A goblin comes into view. It is wielding a +0 club.
Robin says, "A pitiful Elf like you will never find the ORB!"
Robin roars a battlecry!
The hobgoblin barely misses your crimson imp.
Things that are here:
a +0 club; a goblin corpse Robin throws the goblin at you!
The goblin hits you with a +0 dagger.
You are too injured to fight recklessly!
You closely miss the goblin. The goblin closely misses you.
Your crimson imp barely misses the goblin.
Your magical contamination has completely faded away.
You hit the goblin.
The goblin is moderately wounded.
Your crimson imp disappears in a puff of smoke!
The goblin hits you with a +0 dagger.
You die...

..............#####.#.
###.........#.........
#.#####...........##
#..# # #.#
#>###.####.## #..#.#
#.# #.# #....# # #..#.
#.# #.###.##(# #..'
#.# #.....##†# #..#
..# ########.# #..#
### #@#######..#
#g§g..)ggg.# g
#########g.#####'#
#......... #.........
##########


You could see Robin, a hobgoblin (strong) and 2 goblins.

Vanquished Creatures
  2 dart slugs (D:1)
  3 ball pythons
  3 bats (D:1)
  An endoplasm (D:2)
  A giant cockroach (D:1)
  3 goblins
  3 hobgoblins
  4 jackals (D:1)
  A quokka (D:2)
  A frilled lizard (D:2)
  2 kobolds (D:1)
  7 rats
31 creatures vanquished.

Vanquished Creatures (collateral kills)
  A goblin (D:2)
1 creature vanquished.

Grand Total: 32 creatures vanquished

Notes
Turn   | Place    | Note
-------+----------+-------------------------------------------
     0 | D:1      | hashsling the Deep Elf Hedge Wizard began the quest for the
                  | Orb.
     0 | D:1      | Reached XP level 1. HP: 10/10 MP: 7/7
   290 | D:1      | Reached XP level 2. HP: 15/15 MP: 7/9
   613 | D:1      | Reached skill level 5 in Spellcasting
  1262 | D:2      | Reached XP level 3. HP: 15/19 MP: 6/11
  1265 | D:2      | Learned a level 2 spell: Blink
  1268 | D:2      | Learned a level 2 spell: Call Imp
  1379 | D:2      | Learned a level 1 spell: Slow
  1589 | D:2      | Noticed Robin
  1609 | D:2      | Slain by a goblin

Illustrated notes

Levels and vault maps discovered:
D:1:      minmay_arrival_semitransparent, layout_loops_ring
D:2:      minmay_chambers_of_ones, layout_loops_ring,
          hangedman_abyss_or_decor_stabs, roderic_lattice_a,
          minmay_statues_item, minmay_quadrilaterals, uniq_robin

Skill      XL: |  1  2 |
---------------+-------+-----
Spellcasting   | 5 |  5.3
Dodging        | |  2.4
Stealth        | |  2.4
Conjurations   | |  1.9
Summonings     | |  1.9
Translocations | |  1.1

Action                   || total
-------------------------++-------
Melee: Dagger            ||     8
 Cast: Magic Dart        ||    76
       Call Imp          ||     1
Armor: Robe              ||     3
Dodge: Dodged            ||    25

Table legend: (Time is in decaauts)
 A = Elapsed time spent in this place.
 B = Non-inter-level travel time spent in this place.
 C = Inter-level travel time spent in this place.
 D = Time resting spent in this place.
 E = Time spent auto-exploring this place.
 F = Levels seen in this place.
 G = Mean time per level.
                   A        B        C        D        E       F      G
               +--------+--------+--------+--------+--------+-----+--------+
         Total |   1608 |   1588 |     20 |      0 |   1403 |   2 |  804.0 |
       Dungeon |   1608 |   1588 |     20 |      0 |   1403 |   2 |  804.0 |
               +--------+--------+--------+--------+--------+-----+--------+

Top non-repeatable levels by time:
     D:1: 1151 daAuts
     D:2: 457 daAuts
